Map: Acropolis LE

Players

MoMaN

  • Race: Zerg Zerg
  • League: Master
  • Spawn Location: 5:00

HellraiseR - Winner!

  • Race: Protoss Protoss
  • League: Master
  • Spawn Location: 11:00

Event: NationWars 2019

VOD

Have the link to the VOD?

Description

Time

  • Played on: Sept. 30, 2019, 9:30 a.m.
  • Length: 10:48
Show
View Real Time Build Order
Export as new Build Order

MoMaN Zerg 

Build Orders: Hatch First 

Get SALT Encoding   

  12  0:00  Drone  
  13  0:13  Overlord  
  13  0:17  Drone  
  14  0:32  Drone x2  
  16  0:35  Drone  
  17  0:47  Drone  
  18  0:55  Hatchery  
  17  0:59  Drone  
  18  1:14  Extractor  
  18  1:16  Drone, Spawning Pool  
  17  1:18  Drone  
  18  1:29  Drone  
  19  1:40  Overlord  
  19  1:52  Drone  
  20  2:02  Queen  
  20  2:05  Drone  
  20  2:06  Queen  
  20  2:08  Drone  
  26  2:12  Drone  
  27  2:17  Drone  
  27  2:18  Metabolic Boost  
  28  2:24  Zergling x2  
  28  2:29  Zergling x2  
  30  2:38  Queen  
  30  2:42  Queen  
  34  2:50  Overlord  
  34  2:51  Drone x2  
  36  3:08  Drone x2  
  36  3:09  Drone x2  
  36  3:12  Drone  
  41  3:14  Pneumatized Carapace  
  41  3:16  Drone  
  40  3:28  Drone, Zergling x2  
  36  3:44  Drone x3  
  36  3:47  Drone x2  
  36  3:48  Drone  
  40  3:51  Drone  
  40  3:52  Drone  
  42  3:59  Spore Crawler  
  42  4:01  Spore Crawler  
  40  4:04  Drone  
  40  4:07  Zergling x2  
  40  4:08  Zergling x2  
  43  4:13  Hatchery  
  42  4:17  Evolution Chamber  
  40  4:32  Overlord x3  
  40  4:47  Zerg Missile Weapons Level 1  
  40  4:49  Overlord  
  40  4:50  Evolution Chamber  
  39  4:53  Drone x8  
  39  4:54  Drone  
  39  4:55  Drone  
  48  5:10  Lair  
  48  5:11  Drone x2  
  48  5:12  Drone x3  
  53  5:18  Zerg Ground Armor Level 1, Extractor x2  
  53  5:20  Drone  
  52  5:22  Drone  
  52  5:23  Drone  
  52  5:26  Drone x2  
  56  5:33  Drone x2, Extractor  
  57  5:37  Drone  
  57  5:42  Drone  
  59  5:43  Drone x2  
  59  5:44  Spore Crawler  
  59  5:45  Roach Warren, Drone  
  59  5:46  Drone  
  57  5:52  Drone x2  
  57  5:53  Drone x2  
  57  5:55  Drone  
  57  5:56  Drone  
  60  6:00  Drone  
  60  6:03  Drone x2  
  63  6:05  Overlord  
  63  6:07  Drone  
  63  6:10  Drone  
  65  6:13  Overlord  
  65  6:16  Overlord  
  65  6:26  Glial Reconstitution  
  65  6:27  Roach x2  
  65  6:28  Roach x2  
  65  6:32  Drone x2  
  75  6:33  Drone x3  
  75  6:38  Drone x3, Extractor  
  75  6:39  Drone x2  
  82  6:40  Roach, Extractor  
  82  6:42  Roach  
  82  6:45  Zerg Missile Weapons Level 2  
  85  6:49  Drone x2  
  85  6:50  Drone  
  86  7:03  Roach  
  88  7:09  Overlord x3  
  88  7:13  Overlord  
  88  7:20  Overlord  
  88  7:28  Hatchery, Roach  
  88  7:29  Roach x3  
  99  7:30  Roach x7  
  99  7:34  Roach  
  99  7:35  Roach  
  99  7:36  Roach x2  
  117  7:43  Roach  
  117  7:44  Roach x3  
  122  7:46  Overlord  
  122  7:48  Ravager x4  
  122  7:49  Ravager x2  
  130  7:53  Overlord  
  130  7:57  Overlord x2  
  130  7:59  Overlord  
  127  8:06  Roach  
  127  8:07  Ravager x2  
  127  8:08  Roach x3  
  127  8:09  Overlord  
  127  8:11  Roach  
  127  8:12  Roach  
  141  8:13  Ravager  
  141  8:14  Roach  
  141  8:16  Roach  
  141  8:17  Roach  
  141  8:19  Roach  
  150  8:24  Roach  
  150  8:25  Roach x2, Ravager  
  159  8:27  Zergling x2, Roach  
  159  8:28  Zergling x2  
  157  8:35  Roach x2  
  157  8:36  Roach x2  
  157  8:38  Roach  
  157  8:40  Roach  
  157  8:41  Roach  
  169  8:49  Roach x2  
  169  8:50  Roach  
  169  8:51  Roach x2  
  169  8:52  Roach  
  169  8:55  Zergling x4  
  175  8:56  Overlord  
  175  9:01  Ravager x3  
  165  9:06  Zergling x2, Roach x3  
  165  9:07  Zergling x4  
  170  9:13  Zergling x2  
  170  9:16  Roach  
  154  9:17  Roach  
  143  9:25  Roach  
  143  9:26  Roach x3  
  143  9:28  Roach  
  153  9:35  Hatchery  
  153  9:36  Roach  
  153  9:37  Roach  
  155  9:38  Roach  
  157  9:46  Roach  
  157  9:48  Roach  
  157  9:49  Roach, Queen  
  157  9:52  Roach x3  
  171  9:54  Zergling x4  
  171  9:56  Zergling x4  
  171  9:58  Zergling x4  
  170  10:03  Roach x2  
  150  10:09  Roach  
  150  10:12  Roach x2  
  144  10:17  Ravager  
  144  10:18  Ravager x4  
  144  10:20  Zergling x2  
  147  10:21  Zergling x4  
  147  10:28  Zergling x4, Roach x2  
Show
View Real Time Build Order
Export as new Build Order

HellraiseR Protoss - Winner!

Build Orders: 1 Gate Expand, Oracle Opening, Phoenix Opening 

Get SALT Encoding   

  12  0:00  Probe  
  13  0:12  Probe  
  14  0:20  Pylon  
  14  0:25  Probe  
  15  0:38  Probe (Chrono Boost)  
  15  0:40  Gateway  
  16  0:48  Probe (Chrono Boost), Assimilator  
  17  0:53  Probe (Chrono Boost)  
  18  1:05  Probe  
  19  1:20  Nexus  
  19  1:25  Probe  
  20  1:36  Cybernetics Core  
  20  1:38  Probe  
  21  1:43  Assimilator  
  21  1:50  Probe  
  22  1:54  Pylon  
  22  2:02  Probe  
  23  2:10  Adept (Chrono Boost)  
  23  2:14  Probe  
  26  2:17  Stargate  
  26  2:26  Probe  
  26  2:28  Probe  
  27  2:30  Adept (Chrono Boost)  
  27  2:37  Probe  
  30  2:38  Probe, Warp Gate  
  32  2:49  Probe  
  32  2:50  Probe  
  34  2:57  Adept  
  36  3:01  Probe  
  36  3:02  Phoenix (Chrono Boost), Probe  
  40  3:08  Pylon  
  40  3:13  Probe  
  40  3:15  Probe  
  42  3:23  Oracle (Chrono Boost)  
  42  3:25  Probe  
  47  3:27  Probe  
  47  3:37  Probe  
  47  3:39  Probe  
  49  3:47  Gateway  
  45  3:50  Probe  
  45  3:51  Probe, Robotics Facility  
  45  3:52  Assimilator  
  45  3:53  Assimilator  
  47  4:02  Pylon, Probe  
  48  4:04  Probe  
  48  4:05  Oracle (Chrono Boost)  
  52  4:14  Probe  
  52  4:16  Probe  
  54  4:20  Forge  
  54  4:26  Probe  
  54  4:29  Adept  
  58  4:35  Pylon  
  59  4:40  Nexus  
  59  4:41  Immortal (Chrono Boost)  
  61  4:48  Probe  
  61  4:50  Pylon  
  62  4:53  Protoss Ground Weapons Level 1 (Chrono Boost), Sentry  
  62  4:54  Sentry  
  62  4:58  Probe  
  67  5:00  Probe  
  66  5:10  Probe  
  66  5:12  Probe  
  68  5:15  Immortal (Chrono Boost)  
  68  5:19  Gateway  
  70  5:22  Probe  
  70  5:23  Gateway  
  70  5:25  Probe  
  72  5:33  Sentry, Zealot  
  72  5:34  Probe  
  72  5:35  Shield Battery  
  77  5:37  Probe  
  77  5:39  Twilight Council  
  78  5:52  Probe x2, Observer (Chrono Boost)  
  81  5:58  Sentry x2  
  81  5:59  Gateway  
  81  6:01  Gateway  
  85  6:04  Probe x2  
  85  6:06  Probe  
  85  6:10  Immortal (Chrono Boost)  
  92  6:13  Gateway  
  92  6:14  Gateway  
  92  6:16  Probe  
  92  6:18  Assimilator  
  93  6:20  Assimilator  
  93  6:27  Blink (Chrono Boost)  
  93  6:29  Pylon x2  
  93  6:36  Pylon  
  93  6:41  Pylon  
  93  6:44  Immortal (Chrono Boost)  
  100  6:47  Probe x3  
  100  6:48  Sentry x2  
  100  6:49  Stalker x2  
  108  6:59  Probe x3  
  111  7:04  Stalker x2  
  111  7:06  Pylon  
  111  7:07  Pylon  
  115  7:11  Probe  
  115  7:13  Warp Prism (Chrono Boost)  
  115  7:14  Colossus (Chrono Boost)  
  118  7:22  Protoss Ground Weapons Level 2 (Chrono Boost), Stalker x3  
  122  7:26  Stalker x2  
  128  7:35  Robotics Bay  
  128  7:49  Nexus  
  128  7:50  Pylon  
  128  7:51  Probe x2  
  130  8:08  Stalker x8  
  146  8:13  Photon Cannon  
  146  8:15  Shield Battery  
  146  8:21  Charge, Disruptor (Chrono Boost)  
  149  8:31  Pylon  
  149  8:33  Pylon  
  149  8:34  Pylon  
  149  8:47  Gateway  
  149  8:49  Probe x2, Gateway  
  149  8:54  Disruptor (Chrono Boost)  
  154  9:04  Stalker x8  
  154  9:09  Probe x3  
  159  9:20  Disruptor (Chrono Boost)  
  158  9:27  Stalker x3  
  158  9:28  Stalker x4  
  158  9:29  Stalker  
  174  9:43  Forge  
  174  9:46  Stalker x2  
  174  9:50  Probe x2  
  180  9:56  Stalker x4  
  176  10:10  Stalker x6  
  186  10:19  Nexus  
  186  10:22  Pylon  
Tags
 
Add a new tag
Caveats
  • Supply blocks, unpowered buildings, or Contaminate may cause inaccurate times.
  • Supply counts are checked every 10 seconds.